 Dungeon Crawl Stone Soup version 0.27.1-3-gb3d3a73c9e (webtiles) character file.

Game seed: 6733556018087480599

17147 ABBCCCDDDD the Cleaver (level 12, -19/109 (111) HPs)
             Began as a Deep Dwarf Delver on Oct 25, 2021.
             Was an Elder of Makhleb.
             Demolished by an orc knight (34 damage)
             ... while paralysed by an orc sorcerer
             ... on level 1 of the Orcish Mines on Oct 26, 2021.
             The game lasted 00:28:10 (8866 turns).

ABBCCCDDDD the Cleaver (Deep Dwarf Delver)          Turns: 8866, Time: 00:28:11

HP:   -19/109 (111) AC: 26    Str: 21    XL:     12   Next: 16%
MP:   0/0 (4)       EV:  2    Int: 15    God:    Makhleb [****..]
Gold: 856           SH:  0    Dex: 14    Spells: 11/11 levels left

rFire    . . .     SeeInvis .   t - +0 war axe
rCold    . . .     Faith    .   C - +0 buckler
rNeg     . . .     Spirit   +   A - +5 chain mail of the Hanged Man {rCorr MP-9 Slay+6}
rPois    .         Reflect  .   y - +1 hat
rElec    .         Harm     +   L - +0 cloak
rCorr    +         Rampage  .   I - +0 pair of gloves
Will     .....                  h - +5 pair of boots of Wu Jian's Castigation {Harm Will- Int+4}
Stlth    ..........             x - amulet of guardian spirit
HPRegen  0.00/turn              u - ring of resist corrosion
MPRegen  0.07/turn              (no ring)

@: paralysed, hasted, lightly drained
A: damage resistance, heal wounds, sense surroundings 2, no regeneration
a: Heal Wounds, Renounce Religion, Minor Destruction, Lesser Servant of Makhleb,
Major Destruction


You were on level 1 of the Orcish Mines.
You worshipped Makhleb.
Makhleb was greatly pleased with you.
You visited 2 branches of the dungeon, and saw 12 of its levels.

You collected 856 gold pieces.

Inventory:

Hand Weapons
 t - a +0 war axe (weapon)
 J - a +3 scimitar of flaming
Missiles
 b - 34 poisoned darts (quivered)
Armour
 h - the +5 pair of boots of Wu Jian's Castigation (worn) {Harm Will- Int+4}
   (You found it on level 5 of the Dungeon)

   Int:       It affects your intelligence (+4).
   Harm:      It increases damage dealt and taken.
   Will:      It decreases your willpower.
 y - a +1 hat (worn)
 A - the +5 chain mail of the Hanged Man (worn) {rCorr MP-9 Slay+6}
   (You acquired it on level 10 of the Dungeon)

   Slay:      It affects your accuracy & damage with ranged weapons and melee
   (+6).
   MP:        It affects your magic capacity (-9).
   rCorr:     It protects you from acid and corrosion.
 B - a +0 kite shield
 C - a +0 buckler (worn)
 I - a +0 pair of gloves (worn)
 L - a +0 cloak (worn)
Jewellery
 e - a ring of wizardry
 u - a ring of resist corrosion (left hand)
 x - an amulet of guardian spirit (around neck)
Wands
 g - a wand of digging (7)
 E - a wand of mindburst (6)
 K - a wand of polymorph (5)
Scrolls
 a - a scroll of teleportation
 c - a scroll of fog
 d - 2 scrolls of magic mapping
 l - 5 scrolls of enchant armour
 o - a scroll of immolation
 r - 2 scrolls of amnesia
 z - a scroll of brand weapon
 D - a scroll of noise {unknown}
 F - a scroll of enchant weapon {unknown}
 H - a scroll of vulnerability {unknown}
Potions
 j - 4 potions of degeneration {unknown}
 k - 5 potions of curing
 m - a potion of ambrosia {unknown}
 n - 5 potions of heal wounds
 q - a potion of magic {unknown}
 s - 2 potions of attraction {unknown}
 v - a potion of might {unknown}
 w - 3 potions of brilliance {unknown}
 G - a potion of lignification {unknown}


   Skills:
 + Level 8.3 Fighting
 + Level 13.7 Axes
 + Level 9.1 Armour
 + Level 7.1 Dodging
 - Level 6.0 Stealth
 * Level 6.8 Shields
 - Level 6.0 Evocations


You had 11 spell levels left.
You didn't know any spells.
Your spell library contained the following spells:

 Spells                   Type           Power      Damage    Failure   Level
 Apportation              Tloc           0%         N/A       88%         1
 Gell's Gravitas          Tloc           0%         N/A       99%         3
 Lesser Beckoning         Tloc           0%         N/A       99%         3
 Summon Guardian Golem    Hex/Summ       0%         N/A       99%         3
 Teleport Other           Tloc           0%         N/A       99%         3
 Alistair's Intoxication  Tmut/Pois      0%         N/A       100%        5
 Dispersal                Tloc           0%         N/A       100%        6
 Invisibility             Hex            0%         N/A       100%        6


Dungeon Overview and Level Annotations

Branches:
Dungeon (11/15)            Temple (0/1) D:5            Lair (0/6) D:11
    Orc (1/2) D:11

Altars:
Ashenzari
Dithmenos
Hepliaklqana
Makhleb
Nemelex Xobeh
Uskayaw
Vehumet
Wu Jian
Yredelemnul

Shops:
D:11 *

Annotations:
D:3 exclusion: downstairs, Sigmund
D:4 Dowan, Duvessa
D:9 2 transporters, PanSaczeczos's ghost, novice PaAK


Innate Abilities, Weirdness & Mutations

You are resistant to damage.
You can heal yourself by infusing magical energy.
You passively map the area around you.
You do not regenerate.


Message History

Aiming: Mindburst
Press: ? - help, Shift-Dir - straight line, f/p - orc sorcerer
Aim: an orc sorcerer, wielding a +0 dagger and wearing a +0 robe (almost dead, strong, chance to affect: 72%)
The orc sorcerer struggles to resist.
The orc sorcerer mumbles some strange words.
Okay, then.
You hit the rust devil.
The rust devil is heavily wounded.
You slice the rust devil!!
You kill the rust devil!
Aiming: Mindburst
Press: ? - help, Shift-Dir - straight line, f/p - orc sorcerer
Aim: an orc sorcerer, wielding a +0 dagger and wearing a +0 robe (almost dead, strong, chance to affect: 72%)
The orc sorcerer struggles to resist.
The hellwing swoops through the air toward you!
You block the hellwing's attack.
The hellwing hits you but does no damage.
The orc knight roars a battlecry!
The orc knight goes into a battle-frenzy!
The orc knight roars a battlecry!
The orc knight goes into a battle-frenzy!
An orc sorcerer comes into view. It is wielding a +0 dagger.
The orc sorcerer shouts!
The orc knight roars a battlecry!
The orc sorcerer goes into a battle-frenzy!
The orc sorcerer points at you and mumbles some strange words.
You suddenly lose the ability to move!
The orc sorcerer casts a spell at you. The bolt of negative energy hits you.
You feel drained.
The orc sorcerer howls an incantation.
The orc sorcerer shimmers violently.
The orc knight hits you with a +3 battleaxe.
The orc knight roars a battlecry!
The orc knight goes into a battle-frenzy!
The orc knight roars a battlecry!
The orc knight hits you with a +3 battleaxe!!
* * * LOW HITPOINT WARNING * * *
The orc sorcerer casts a spell.
The orc knight hits you with a +3 battleaxe!!
You die...

* ##.#..#..#...######...., ,,
##g#.# ###....#.#.#...... , #
##.#.# * #................ ,
.####.#.#* #####.................
#..#.#..####.###.................
...o#.........#.....#............
...#.#.##.....................>..
...........#.#.#3#...............
..............o.@................
...≈≈≈≈........o.#..#............
...≈§§≈###.....o..[).............
...≈§≈≈#......#....[[..##.#..(...
...§≈≈≈....#o#......((.()##......
....###...o..........#((†..).(...
.............#.......##..)[).....
.(.......#....#...#.##...(()))...
..(#.........###.######....(.)##.


You could see 3 orc knights, a neqoxec (summoned) and 2 orc sorcerers.

Levels and vault maps discovered:
D:1:      lightli_arrival_flooded_house, layout_rooms, serial_bayou,
          serial_bayou_pond_e, serial_bayou_pond_a, serial_bayou_pond_a,
          serial_bayou_pond_a, shapermc_ecumenical_altar_mp_vishouse,
          serial_bayou_pond_b, minmay_tromino_v2
D:2:      minmay_inner_zag, layout_rooms, serial_forest,
          infiniplex_forest_zigzag_1, infiniplex_forest_lined_3_way,
          infiniplex_forest_diagonal, infiniplex_forest_end_double,
          infiniplex_forest_lined_2, infiniplex_forest_end_2,
          minmay_misc_feat_tower, minmay_misc_feat_pillars,
          minmay_misc_feat_hallway, minivault_23
D:3:      layout_basic, overflow_temple_1_default, grunt_temple_overflow_open,
          uniq_sigmund
D:4:      layout_basic, minmay_mini_ossuary, uniq_duvessa
D:5:      layout_layer_cave, minmay_temple_entry_overgrown
D:6:      layout_loops_cross, lemuel_zombie_altar_yredelemnul,
          minmay_fountain_box, grunt_ministairs_6, uniq_prince_ribbit1
D:7:      layout_rooms, lemuel_doored_altar
D:8:      nzn_winding_woodlands_three_and_one
          [nzn_winding_woodlands_5x15_default,
          nzn_winding_woodlands_5x15_parted, nzn_winding_woodlands_5x15_twine,
          nzn_winding_woodlands_center_lodge], layout_rooms,
          nicolae_hepliaklqana_monster_ancestors, hellmonk_guarded_unrand_night,
          uniq_maggie
D:9:      layout_rooms, mainiacjoe_overflow_24_doors,
          gammafunk_ghost_stat_death, lightli_fourway_metalbox
D:10:     layout_roguey, lemuel_tele_altar, corner_web_ring
D:11:     minmay_smoke_and_mirrors, layout_layer_cave, lair_entry_dummy,
          david_orc_3, serial_shops, shop
Orc:1:    layout_caves, guppyfry_orc_lava_fort, uniq_erica, uniq_nergalle,
          uniq_jorgrun, uniq_maurice, uniq_harold

Notes
Turn   | Place    | Note
-------+----------+-------------------------------------------
     0 | D:5      | ABBCCCDDDD the Deep Dwarf Delver began the quest for the
                  | Orb.
     0 | D:5      | Reached XP level 1. HP: 20/20 MP: 1/1
     4 | D:5      | Identified the +5 pair of boots of Wu Jian's Castigation
                  | {Harm Will- Int+4}
    16 | D:4      | Noticed Duvessa
    82 | D:4      | Reached skill level 3 in Axes
    82 | D:4      | Reached XP level 2. HP: 8/28 MP: 2/2
   241 | D:4      | Noticed a bullfrog
   255 | D:4      | Killed a bullfrog
   256 | D:4      | Reached skill level 4 in Axes
   256 | D:4      | Reached XP level 3. HP: 33/34 MP: 3/3
   256 | D:4      | Reached XP level 4. HP: 41/42 MP: 4/4
   385 | D:4      | Noticed an ogre
   967 | D:1      | Found a faded altar of an unknown god.
  1112 | D:2      | Reached XP level 5. HP: 22/50 MP: 5/5
  1118 | D:2      | Reached skill level 5 in Axes
  1830 | D:3      | Found a burning altar of Makhleb.
  1836 | D:3      | Noticed Sigmund
  1839 | D:3      | Became a worshipper of Makhleb the Destroyer
  1986 | D:3      | Found an ornate altar of the Wu Jian Council.
  1989 | D:3      | Found a broken altar of Ashenzari.
  1989 | D:3      | Found a hide-covered altar of Uskayaw.
  2560 | D:4      | Killed an ogre
  2561 | D:4      | Reached skill level 6 in Axes
  2561 | D:4      | Reached XP level 6. HP: 36/57 MP: 5/5
  3023 | D:4      | Noticed Dowan
  3200 | D:5      | Got the Incunabulum of Execration and Displacement
  3328 | D:5      | Found a staircase to the Ecumenical Temple.
  3357 | D:5      | Noticed a water moccasin
  3368 | D:5      | Killed a water moccasin
  3369 | D:5      | Reached skill level 7 in Axes
  3369 | D:5      | Reached skill level 1 in Armour
  3369 | D:5      | Reached XP level 7. HP: 35/66 MP: 6/6
  3421 | D:5      | Reached skill level 5 in Fighting
  3762 | D:5      | Reached * piety under Makhleb
  4148 | D:6      | Noticed Prince Ribbit
  4158 | D:6      | Killed Prince Ribbit
  4159 | D:6      | Reached skill level 8 in Axes
  4159 | D:6      | Reached skill level 1 in Evocations
  4159 | D:6      | Reached XP level 8. HP: 29/75 MP: 7/7
  4342 | D:6      | Found a basalt altar of Yredelemnul.
  4465 | D:6      | Reached skill level 9 in Axes
  5073 | D:7      | Gained mutation: You passively map the area around you.
                  | [Deep Dwarf growth]
  5073 | D:7      | Reached XP level 9. HP: 25/82 MP: 8/8
  5212 | D:7      | Reached skill level 5 in Armour
  5219 | D:7      | Reached skill level 10 in Axes
  5230 | D:7      | Reached skill level 5 in Evocations
  5268 | D:7      | Found a shadowy altar of Dithmenos.
  5558 | D:8      | Reached ** piety under Makhleb
  5561 | D:8      | HP: 4/82 [kobold/bolt (7)]
  5689 | D:8      | Noticed Maggie
  5696 | D:8      | Killed Maggie
  5761 | D:8      | Reached skill level 11 in Axes
  5901 | D:8      | Noticed a two-headed ogre
  5908 | D:8      | Killed a two-headed ogre
  5909 | D:8      | Reached XP level 10. HP: 53/91 MP: 8/8
  5976 | D:8      | Noticed a deep elf pyromancer
  5992 | D:8      | Reached skill level 12 in Axes
  6009 | D:8      | Killed a deep elf pyromancer
  6014 | D:8      | Noticed a cyclops
  6031 | D:8      | Killed a cyclops
  6102 | D:8      | Reached *** piety under Makhleb
  6155 | D:8      | Found a hazy altar of Hepliaklqana.
  6770 | D:8      | Reached skill level 5 in Dodging
  6858 | D:9      | Reached skill level 1 in Shields
  6858 | D:9      | Reached XP level 11. HP: 26/100 MP: 8/8
  6877 | D:9      | Reached **** piety under Makhleb
  6879 | D:9      | Reached skill level 13 in Axes
  7070 | D:9      | Found a sparkling altar of Nemelex Xobeh.
  7136 | D:9      | Found a transporter.
  7142 | D:9      | Noticed PanSaczeczos's ghost (novice PaAK)
  7157 | D:9      | Found a transporter.
  7227 | D:10     | Entered Level 10 of the Dungeon
  7311 | D:10     | Found a radiant altar of Vehumet.
  7722 | D:10     | Identified a scroll of acquirement
  7723 | D:10     | Acquired the +5 chain mail of the Hanged Man {rCorr MP-9
                  | Slay+6}
  7958 | D:11     | Found a staircase to the Orcish Mines.
  8009 | D:11     | Found Moengiri's Assorted Antiques.
  8114 | D:11     | Noticed a wizard
  8237 | D:11     | Noticed a five-headed hydra
  8240 | D:11     | Found a staircase to the Lair.
  8267 | D:11     | Noticed a wizard
  8267 | D:11     | Noticed a wizard
  8274 | D:11     | Killed a wizard
  8294 | Orc:1    | Entered Level 1 of the Orcish Mines
  8294 | Orc:1    | Noticed Erica
  8294 | Orc:1    | Noticed Maurice
  8296 | Orc:1    | Killed Maurice
  8300 | Orc:1    | Killed Erica
  8351 | Orc:1    | Noticed Nergalle
  8374 | Orc:1    | Noticed a spectral orc warlord
  8385 | Orc:1    | Killed Nergalle
  8391 | Orc:1    | Reached skill level 5 in Shields
  8483 | Orc:1    | Noticed an orc knight
  8484 | Orc:1    | Noticed a two-headed ogre
  8608 | Orc:1    | Noticed an orc knight
  8629 | Orc:1    | Noticed Harold
  8648 | Orc:1    | Noticed a two-headed ogre
  8649 | Orc:1    | Noticed an orc high priest
  8650 | Orc:1    | Noticed Jorgrun
  8654 | Orc:1    | Noticed an orc knight
  8735 | Orc:1    | Killed Jorgrun
  8754 | Orc:1    | Killed Harold
  8755 | Orc:1    | Reached XP level 12. HP: 63/110 MP: 0/4
  8773 | Orc:1    | Killed an orc high priest
  8860 | Orc:1    | Paralysed by an orc sorcerer for 7 turns
  8866 | Orc:1    | Demolished by an orc knight

Table legend: (Time is in decaauts)
 A = Elapsed time spent in this place.
 B = Non-inter-level travel time spent in this place.
 C = Inter-level travel time spent in this place.
 D = Time resting spent in this place.
 E = Time spent auto-exploring this place.
 F = Levels seen in this place.
 G = Mean time per level.
                   A        B        C        D        E       F      G
               +--------+--------+--------+--------+--------+-----+--------+
         Total |   8777 |   8308 |    469 |    216 |   5057 |  12 |  731.4 |
       Dungeon |   8293 |   7824 |    469 |    113 |   4992 |  11 |  753.9 |
  Orcish Mines |    483 |    483 |      0 |    103 |     64 |   1 |  483.0 |
               +--------+--------+--------+--------+--------+-----+--------+

Top non-repeatable levels by time:
     D:4: 1055 daAuts
     D:8: 1037 daAuts
     D:6: 900 daAuts
     D:5: 850 daAuts
     D:2: 797 daAuts
    D:10: 758 daAuts
     D:3: 738 daAuts
     D:7: 687 daAuts
     D:1: 610 daAuts
     D:9: 555 daAuts
   Orc:1: 483 daAuts
    D:11: 302 daAuts

Table legend:
 A = Kills in this place as a percentage of kills in entire the game.
 B = Kills by you in this place as a percentage of kills by you in the entire game.
 C = Kills by friends in this place as a percentage of kills by friends in the entire game.
 D = Other kills in this place as a percentage of other kills in the entire game.
 E = Experience gained in this place as a percentage of experience gained in the entire game.
 F = Experience gained in this place divided by the number of levels of this place that you have seen.
                   A       B       C       D       E      F
               +-------+-------+-------+-------+-------+----------------------
         Total | 100.0 | 100.0 |   N/A |   N/A | 100.0 | 2041.3
       Dungeon |  87.0 |  87.0 |   N/A |   N/A |  62.5 | 1392.6
  Orcish Mines |  13.0 |  13.0 |   N/A |   N/A |  37.5 | 9177.0
               +-------+-------+-------+-------+-------+----------------------

Action                   |  1- 3 |  4- 6 |  7- 9 | 10-12 || total
-------------------------+-------+-------+-------+-------++-------
Melee: Hand axe          |    24 |   164 |       |       ||   188
       War axe           |       |    35 |   241 |   495 ||   771
Throw: Dart              |       |    12 |    17 |    57 ||    86
 Abil: Heal Wounds       |     1 |     1 |     9 |    17 ||    28
Evoke: Wand              |       |       |     9 |    12 ||    21
  Use: Scroll            |       |       |     6 |    10 ||    16
       Potion            |       |       |       |     6 ||     6
 Stab: Sleeping          |     1 |    12 |     1 |     1 ||    15
       Fleeing           |       |       |       |     1 ||     1
Armor: Leather armour    |    11 |    28 |       |       ||    39
       Ring mail         |       |    49 |       |   193 ||   242
       Chain mail        |       |    12 |   178 |   108 ||   298
Dodge: Dodged            |    16 |   108 |   128 |   266 ||   518
Block: Buckler           |       |       |       |    62 ||    62

Vanquished Creatures
  Jorgrun (Orc:1)
  Harold (Orc:1)
  Erica (Orc:1)
  A two-headed ogre (D:8)
  An orc high priest (Orc:1)
  Nergalle (Orc:1)
  A wizard (D:11)
  A deep elf pyromancer (D:8)
  An orc knight (Orc:1)
  A cyclops (D:8)
  Maurice (Orc:1)
  Maggie (D:8)
  A tengu conjurer (D:8)
  A troll (D:8)
  Prince Ribbit (D:6)
  A slime creature (D:9)
  2 dream sheep (D:8)
  A hornet (D:10)
  4 wyverns
  12 yaks
  2 wargs (Orc:1)
  An acid dragon (D:9)
  A water moccasin (D:5)
  10 orc warriors
  2 ice beasts (D:8)
  3 black bears
  6 ogres
  A phantom (D:6)
  5 centaurs
  4 kobold brigands
  5 bullfrogs
  A wyvern zombie (D:8)
  3 gnoll sergeants
  2 scorpions
  5 killer bees (D:8)
  9 howler monkeys
  A bullfrog zombie (D:6)
  A centaur skeleton (D:7)
  4 centaur zombies
  2 bullfrog skeletons
  A hound (D:6)
  5 orc priests
  4 gnoll shamans
  A jelly (D:5)
  A scorpion zombie (D:5)
  4 iguanas
  6 orc wizards
  2 killer bee zombies
  A hound zombie (D:5)
  A hound skeleton (D:5)
  A mummy (D:4)
  2 howler monkey zombies
  28 gnolls
  4 adders
  A white imp (D:8)
  An ufetubus (D:6)
  2 worms (D:2)
  2 dart slugs
  35 orcs
  6 endoplasms
  A giant cockroach (D:2)
  5 goblins
  9 hobgoblins
  3 jackals (D:1)
  5 quokkas
  6 ball pythons
  4 bats
  7 frilled lizards
  A hobgoblin zombie (D:4)
  13 kobolds
  A kobold zombie (D:4)
  2 orc zombies (D:4)
  7 rats
  A spectral goblin (D:8)
276 creatures vanquished.

Vanquished Creatures (others)
  8 plants
8 creatures vanquished.

Grand Total: 284 creatures vanquished
